 Dungeon Crawl Stone Soup version 0.27.1-34-g3ba077fa99 (webtiles) character file.

Game seed: 15015377870131621991

87 squill the Conjurer (level 4, 36/36 HPs)
             Began as a Hill Orc Conjurer on Jan 12, 2022.
             Was a Follower of Trog.
             Got out of the dungeon alive.
             The game lasted 00:04:25 (1969 turns).

squill the Conjurer (Hill Orc Conjurer)             Turns: 1969, Time: 00:04:26

Health: 36/36      AC:  2    Str:  9    XL:     4   Next: 51%
Magic:  7/7        EV: 11    Int: 19    God:    Trog [*.....]
Gold:   49         SH:  0    Dex:  9    Spells: 4/7 levels left

rFire    . . .     SeeInvis .   b - +0 morningstar
rCold    . . .     Faith    .   (no shield)
rNeg     . . .     Spirit   .   a - +0 robe
rPois    .         Reflect  .   (no helmet)
rElec    .         Harm     .   (no cloak)
rCorr    .         Rampage  .   (no gloves)
Will     .....                  (no boots)
Stlth    +.........             f - amulet of magic regeneration
HPRegen  0.12/turn              (no ring)
MPRegen  0.35/turn              (no ring)

@: no status effects
A: no striking features
a: Renounce Religion, Berserk


You escaped.
You worshipped Trog.
Trog was aware of your devotion.
You visited 1 branch of the dungeon, and saw 2 of its levels.

You collected 49 gold pieces.

Inventory:

Hand Weapons
 b - a +0 morningstar (weapon)
Armour
 a - a +0 robe (worn)
Jewellery
 f - an amulet of magic regeneration (around neck)
Scrolls
 d - a scroll of blinking {unknown}
Potions
 c - a potion of might {unknown}
 e - a potion of attraction {unknown}


   Skills:
 + Level 2.3 Fighting
 + Level 1.8 Armour
 - Level 1.5 Dodging
 - Level 1.5 Stealth
 - Level 2.2 Spellcasting
 - Level 4.4 Conjurations


You had 4 spell levels left.
You knew the following spells:

 Your Spells              Type           Power      Damage    Failure   Level
a - Magic Dart            Conj           76%        1d6       2%          1
b - Searing Ray           Conj           38%        3d4       4%          2

Your spell library contained the following spells:

 Spells                   Type           Power      Damage    Failure   Level
 Dazzling Flash           Conj/Hex       20%        N/A       21%         3
 Fulminant Prism          Conj/Hex       5%         3d7       54%         4
 Iskenderun's Mystic Bla  Conj/Tloc      10%        2d4       54%         4


Dungeon Overview and Level Annotations

Branches:
Dungeon (2/15)

Altars:
Trog


Message History

Aiming: Magic Dart (safe; 2% risk of failure)
Press: ? - help, Shift-Dir - straight line, f/p - adder
Aim: an adder (heavily wounded, 100% to hit)
The magic dart hits the adder.
The adder is almost dead.
The adder closely misses you.
Casting: Magic Dart (safe; 2% risk of failure)
Confirm with . or Enter, or press ? or * to list all spells.
Aiming: Magic Dart (safe; 2% risk of failure)
Press: ? - help, Shift-Dir - straight line, f/p - adder
Aim: an adder (almost dead, 100% to hit)
The magic dart hits the adder.
You kill the adder!
There is a faded altar of an unknown god here.
You cannot tell which god this altar belongs to.
Convert to them anyway?
Trog accepts your prayer! Trog welcomes you!
You can now go berserk at will.
(D) Dungeon
Where to? (Enter - D:1 @ (x,y), ? - help)
There is an empty arch of ancient stone here.
There is a stone staircase leading up here.
You climb upwards.
There is a stone staircase leading down here.
The minotaur bellows!
The dwarf shouts!
There is an open door here.
The merfolk shouts!
The troll shouts!
The elf shouts!
The orc shouts!
The tengu shouts!
The formicid shouts!
The demigod shouts!
The spriggan shouts!
The ogre shouts!
The kobold shouts!
The human shouts!
The djinni shouts!
The vine stalker shouts!
There is an open door here.
There is a staircase leading out of the dungeon here.
Are you sure you want to leave the Dungeon?
This will make you lose the game!
You have escaped!

##### #.@.# #...# ###
###'### #.## #R#.#f#
#... ###.### #.## ####
#p#.#6# #.## ...#
########.####### #.##
##.######...##h#.#d#...#
#...
##.....##...####.###...#
####


There were no monsters in sight!

Vanquished Creatures
  3 gnolls (D:2)
  2 adders
  2 dart slugs (D:1)
  A bat (D:1)
  An endoplasm (D:1)
  4 giant cockroaches (D:1)
  3 goblins (D:1)
  4 hobgoblins (D:1)
  2 jackals (D:1)
  2 quokkas (D:1)
  3 ball pythons (D:1)
  4 kobolds (D:1)
  4 rats
35 creatures vanquished.

Notes
Turn   | Place    | Note
-------+----------+-------------------------------------------
     0 | D:1      | squill the Hill Orc Conjurer began the quest for the Orb.
     0 | D:1      | Reached XP level 1. HP: 14/14 MP: 3/3
     2 | D:1      | Noticed a djinni
     2 | D:1      | Noticed a vine stalker
     4 | D:1      | Noticed a human
     4 | D:1      | Noticed a demonspawn
     6 | D:1      | Noticed a felid
     6 | D:1      | Noticed a draconian
     8 | D:1      | Noticed a naga
    10 | D:1      | Noticed an ogre
    10 | D:1      | Noticed a gargoyle
    12 | D:1      | Noticed a spriggan
    14 | D:1      | Noticed an octopode
    14 | D:1      | Noticed a palentonga
    16 | D:1      | Noticed a ghoul
    16 | D:1      | Noticed a formicid
    18 | D:1      | Noticed a demigod
    20 | D:1      | Noticed a tengu
    20 | D:1      | Noticed an elf
    22 | D:1      | Noticed a barachi
    22 | D:1      | Noticed a troll
    24 | D:1      | Noticed a merfolk
    24 | D:1      | Noticed a vampire
    26 | D:1      | Noticed a minotaur
    26 | D:1      | Noticed a dwarf
   102 | D:1      | Reached XP level 2. HP: 18/22 MP: 2/4
   105 | D:1      | Learned a level 2 spell: Searing Ray
   164 | D:1      | Reached skill level 1 in Fighting
   509 | D:1      | Reached skill level 1 in Armour
   859 | D:1      | Reached XP level 3. HP: 27/28 MP: 5/5
  1734 | D:2      | Reached XP level 4. HP: 22/36 MP: 1/7
  1876 | D:2      | Found a faded altar of an unknown god.
  1890 | D:2      | Became a worshipper of Trog the Wrathful
  1890 | D:2      | Reached * piety under Trog
  1969 | D:$      | Got out of the dungeon alive.

Illustrated notes

Levels and vault maps discovered:
D:1:      kb_arrival_jail, layout_basic, minmay_misc_feat_alley,
          hangedman_decor_diamond_cutter
D:2:      layout_basic, shapermc_ecumenical_altar_venn, basic_altar

Skill      XL: |  1  2  3 |
---------------+----------+-----
Fighting       | 1 2 |  2.3
Armour         | 1 |  1.8
Spellcasting   | 2 |  2.2
Dodging        | |  1.5
Stealth        | |  1.5
Conjurations   | |  4.4

Action                   |  1- 3 |  4- 6 || total
-------------------------+-------+-------++-------
Melee: Morningstar       |    68 |       ||    68
 Cast: Magic Dart        |    30 |     5 ||    35
       Searing Ray       |     2 |       ||     2
 Stab: Sleeping          |     2 |       ||     2
Armor: Robe              |    15 |       ||    15
Dodge: Dodged            |    52 |     2 ||    54
